 Dungeon Sprint DCSS version 0.26-a0-1177-g1209ec82b9 (webtiles) character file.

Game seed: 1224796702638172730

10 reriks the Skirmisher (level 2, -3/29 (35) HPs)
             Began as an Ogre Berserker on Dec 25, 2020.
             Was a Believer of Trog.
             Slain by a necrophage (7 damage)
             ... in the Dungeon (Sprint II: "The Violet Keep of Menkaure").
             The game lasted 00:00:40 (215 turns).

reriks the Skirmisher (Ogre Berserker)               Turns: 215, Time: 00:00:41

HP:   -3/29 (35)    AC:  3    Str: 20    XL:     2   Next: 20%
MP:   2/2           EV: 10    Int:  8    God:    Trog [**....]
Gold: 243           SH:  0    Dex:  8    Spells: 1/1 levels left

rFire    . . .     SeeInvis .   a - +0 mace
rCold    . . .     Faith    .   (no shield)
rNeg     . . .     Spirit   .   b - +0 animal skin
rPois    .         Reflect  .   (helmet restricted)
rElec    .         Harm     .   (no cloak)
rCorr    .         Rampage  .   (gloves unavailable)
Will     .....     NoTele   +   (boots unavailable)
Stlth    +.........             (no amulet)
HPRegen  0.09/turn              (no ring)
MPRegen  0.08/turn              (no ring)

@: berserk cooldown, slowed, heavily drained, very slow
A: large, unfitting armour, tough skin 1
a: Renounce Religion, Berserk, Trog's Hand


You were in the Dungeon.
You worshipped Trog.
Trog was pleased with you.
You visited 1 branch You collected 243 gold pieces.

Inventory:

Hand Weapons
 a - a +0 mace (weapon)
Armour
 b - a +0 animal skin (worn)
Scrolls
 h - a scroll of blinking
Potions
 c - a potion of curing
 e - a potion of haste
 f - 2 potions of magic
 g - a potion of berserk rage


   Skills:
 + Level 5.1 Fighting
 + Level 3.5 Maces & Flails
 + Level 3.5 Dodging


You had one spell level left.
You didn't know any spells.
Your spell library was empty.

Dungeon Overview and Level Annotations

Branches:
Dungeon (1/1)

Altars:

Annotations:
D exclusion: obsidian statue


Innate Abilities, Weirdness & Mutations

You are too large for most types of armour.
You have tough skin. (AC +1)


Message History

You are exhausted.
You feel yourself slow down.
You close the door.
A necrophage opens the door.
The necrophage hits you.
You open the door. The necrophage barely misses you. The necrophage hits you.
There is an open door here.
The necrophage hits you.
You feel much better. The necrophage hits you.
You hit the necrophage but do no damage.
The necrophage closely misses you. The necrophage hits you!
You hit the necrophage but do no damage.
The necrophage hits you. x2; You feel drained.
You closely miss the necrophage. The necrophage completely misses you.
The necrophage hits you.
* * * LOW HITPOINT WARNING * * *
You barely miss the necrophage. The necrophage hits you.
* * * LOW HITPOINT WARNING * * *
The necrophage hits you!
You die...

≈°≈≈≈ ≈°8°≈
≈≈≈ °≈°
#≈≈#+++#+++##
≈≈≈.........#
##n## ##.#n##
#.n##@#
##..### #
##'# .##
##n##nn.#
+.<.'#
##.##n..# #+#
.## #


You could see 2 necrophages.

Vanquished Creatures
  3 worms (D)
3 creatures vanquished.

Vanquished Creatures (others)
  A water moccasin (D)
1 creature vanquished.

Grand Total: 4 creatures vanquished

Notes
Turn   | Place    | Note
-------+----------+-------------------------------------------
     0 | D        | reriks the Ogre Berserker began the quest for the Orb.
     0 | D        | Reached XP level 1. HP: 24/24 MP: 1/1
     7 | D        | Killed a water moccasin
    12 | D        | Reached XP level 2. HP: 28/33 MP: 2/2
   132 | D        | Noticed an obsidian statue
   137 | D        | Reached ** piety under Trog
   138 | D        | Reached skill level 5 in Fighting
   188 | D        | Noticed a necrophage
   188 | D        | Noticed a necrophage
   188 | D        | Noticed a necrophage
   188 | D        | Noticed a necrophage
   215 | D        | Slain by a necrophage

Illustrated notes

Levels and vault maps discovered:
D:        the_violet_keep_of_menkaure [sprint2_stairs_cluster_1,
          sprint2_shoproom, sprint2_temple, sprint2_basic_supplies,
          sprint2_obstacle_1, sprint2_obstacle_6, sprint2_obstacle_3,
          sprint2_obstacle_7, sprint2_obstacle_2, sprint2_timed_cluster_1,
          sprint2_smallroom_cluster_1, sprint2_smallroom_final_cluster_1,
          sprint2_transparent_cluster_1, sprint2_second_timed_cluster_1,
          sprint2_sniper_area_1, sprint2_heavy_combat_area_1,
          sprint2_mutation_trap_area_1, sprint2_forest_area_1,
          sprint2_light_combat_area_1, sprint2_behind_water_1,
          sprint2_near_end_vault_1]

Skill      XL: |  1  2 |
---------------+-------+-----
Maces & Flails | 3 |  3.5
Dodging        | 3 |  3.5
Fighting       | 5 |  5.1

Action                   || total
-------------------------++-------
Melee: Mace              ||    21
Invok: Berserk           ||     3
  Use: Potion            ||     1
Armor: Animal skin       ||     1
Dodge: Dodged            ||     6

Table legend: (Time is in decaauts)
 A = Elapsed time spent in this place.
 B = Non-inter-level travel time spent in this place.
 C = Inter-level travel time spent in this place.
 D = Time resting spent in this place.
 E = Time spent auto-exploring this place.
 F = Levels seen in this place.
 G = Mean time per level.
                   A        B        C        D        E       F      G
               +--------+--------+--------+--------+--------+-----+--------+
         Total |    243 |    243 |      0 |    179 |      0 |   1 |  243.0 |
       Dungeon |    243 |    243 |      0 |    179 |      0 |   1 |  243.0 |
               +--------+--------+--------+--------+--------+-----+--------+

Top non-repeatable levels by time:
       D: 243 daAuts
